Map: [ESL] Babylon

Players

GuMiho

  • Race: Terran Terran

Solar - Winner!

  • Race: Zerg Zerg

Event: IEM Katowice 2023

VOD

Have the link to the VOD?

Description

Time

  • Played on: Feb. 11, 2023, 9:50 a.m.
  • Length: 13:10

All games in this series

Show
View Real Time Build Order
Export as new Build Order

GuMiho Terran 

Build Orders:  

Get SALT Encoding   

  12  0:00  SCV  
  13  0:12  SCV  
  14  0:17  Supply Depot  
  14  0:24  SCV  
  15  0:38  SCV  
  15  0:40  Barracks  
  16  0:50  SCV  
  16  0:52  Refinery  
  17  1:02  SCV  
  18  1:14  SCV  
  19  1:27  Orbital Command, Marine  
  20  1:39  Command Center  
  20  1:44  Marine  
  21  1:48  Supply Depot  
  21  1:52  SCV  
  22  2:02  Factory  
  22  2:04  Marine  
  23  2:09  SCV  
  24  2:17  Barracks  
  24  2:21  SCV  
  25  2:24  Barracks Reactor  
  25  2:28  Refinery  
  25  2:34  SCV  
  26  2:46  SCV, Hellion  
  26  2:48  Starport  
  29  2:54  Orbital Command  
  29  2:58  SCV  
  30  3:01  Marine  
  30  3:04  Marine  
  32  3:06  Barracks Tech Lab  
  32  3:11  SCV  
  33  3:20  Marine  
  33  3:22  Marine  
  33  3:23  SCV x2  
  33  3:26  Stimpack  
  37  3:30  Marine  
  37  3:32  Medivac  
  40  3:35  SCV  
  40  3:37  Supply Depot  
  40  3:39  SCV  
  40  3:40  Marine  
  43  3:43  Marine  
  43  3:47  Marine  
  45  3:50  SCV  
  45  3:54  Supply Depot  
  46  3:58  SCV  
  46  3:59  Hellion  
  49  4:03  Medivac  
  49  4:06  Marine x2  
  49  4:07  Marine  
  49  4:09  Supply Depot  
  54  4:15  SCV x2  
  56  4:17  Supply Depot  
  56  4:22  Hellion  
  58  4:24  Marine x2  
  58  4:25  Marine  
  61  4:33  SCV x2  
  62  4:43  Factory Tech Lab, Supply Depot  
  62  4:45  SCV x2  
  64  4:53  Marine  
  64  4:54  Marine  
  64  4:58  Marine  
  67  5:03  Siege Tank  
  67  5:04  SCV x2  
  72  5:08  Command Center  
  72  5:11  Marine x2  
  71  5:16  Marine  
  64  5:29  Marine x2  
  64  5:31  SCV  
  64  5:34  Marine  
  64  5:35  Siege Tank  
  69  5:37  Medivac  
  71  5:47  Marine x2  
  68  5:51  Marine  
  68  5:55  SCV x2  
  70  5:58  Combat Shield  
  68  6:05  Marine x2  
  68  6:07  SCV x2  
  68  6:10  Engineering Bay, Refinery  
  72  6:11  Engineering Bay, Refinery  
  72  6:14  Starport Reactor  
  72  6:19  Marine, SCV  
  72  6:20  SCV  
  72  6:21  Orbital Command  
  75  6:28  Marine x2  
  77  6:34  Barracks  
  77  6:35  Barracks  
  77  6:37  Marine, Terran Infantry Weapons Level 1  
  78  6:40  Terran Infantry Armor Level 1  
  78  6:42  SCV  
  79  6:51  Marine  
  80  6:58  Marine x2  
  76  7:09  Marine  
  67  7:16  Marine x2  
  67  7:18  Siege Tank  
  67  7:19  Medivac x2  
  67  7:20  SCV x2  
  71  7:26  Marine  
  71  7:27  Orbital Command, Barracks Reactor x2  
  72  7:32  SCV x2  
  72  7:34  Marine x2  
  76  7:44  Marine, Factory, SCV x2  
  82  7:51  Marine  
  82  7:52  Marine  
  82  7:55  Medivac x2  
  82  7:56  SCV  
  82  7:57  SCV  
  82  7:58  SCV  
  88  8:02  Marine, Factory Reactor  
  89  8:07  Supply Depot, Armory  
  89  8:08  SCV, Supply Depot  
  89  8:10  SCV x2  
  91  8:19  Marine x2  
  86  8:20  SCV  
  86  8:21  Marine x2  
  86  8:22  Marine x3  
  86  8:25  SCV x2  
  90  8:31  Medivac x2  
  90  8:33  SCV  
  95  8:37  Marine, Sensor Tower, SCV x2  
  95  8:40  Marine x4  
  95  8:41  Marine, Widow Mine x2  
  106  8:42  Widow Mine  
  106  8:45  SCV  
  110  8:53  SCV x2  
  112  8:55  Refinery  
  112  8:56  Terran Infantry Weapons Level 2, Refinery  
  112  8:57  Command Center, SCV  
  112  8:58  Terran Infantry Armor Level 2  
  112  9:01  Drilling Claws  
  113  9:03  Marine x2  
  113  9:08  Marine x2  
  117  9:13  Marine x3  
  117  9:14  Widow Mine x3  
  126  9:24  Marine x2  
  126  9:26  Marine x2  
  130  9:31  Marine  
  130  9:32  Marine x2  
  133  9:40  Supply Depot  
  133  9:42  Marine, Supply Depot  
  133  9:43  Siege Tank, Widow Mine x2  
  141  9:47  Barracks  
  141  9:49  Barracks  
  141  9:50  Barracks  
  141  10:01  Marine x3  
  144  10:15  Siege Tank  
  142  10:23  Marine x6, Marauder  
  142  10:24  Widow Mine x2  
  142  10:25  Medivac x2  
  153  10:37  Barracks Tech Lab x3  
  153  10:42  SCV x3  
  156  10:45  Marauder  
  156  10:50  Supply Depot x2  
  156  10:51  Widow Mine x2  
  156  10:53  Siege Tank  
  156  10:55  Medivac x2  
  156  10:56  Ghost Academy  
  165  11:06  Marauder, SCV x3  
  166  11:22  Marine x4  
  166  11:23  Marine x2, Marauder  
  175  11:43  Ghost  
  175  11:44  Ghost x3  
  174  11:57  Marine x3  
  174  11:58  Concussive Shells  
  177  12:02  Orbital Command  
  177  12:04  Command Center, Refinery  
  177  12:05  Refinery  
  177  12:06  Sensor Tower, Supply Depot  
  177  12:07  Supply Depot  
  177  12:13  Marauder x2  
  181  12:20  Ghost  
  181  12:21  Marine x2, Ghost  
  181  12:22  Marine x2  
  187  12:23  Marine  
  188  12:33  Ghost  
  188  12:34  Marine, Marauder  
  183  12:39  Marine x4  
Show
View Real Time Build Order
Export as new Build Order

Solar Zerg - Winner!

Build Orders: Hatch First, Lurkers 

Get SALT Encoding   

  12  0:00  Drone  
  13  0:12  Overlord  
  13  0:17  Drone  
  14  0:31  Drone x2  
  16  0:49  Hatchery  
  15  0:51  Drone  
  15  0:55  Drone  
  17  0:58  Drone  
  18  1:10  Extractor  
  17  1:13  Spawning Pool  
  17  1:16  Drone  
  17  1:20  Drone  
  18  1:28  Drone  
  19  1:38  Drone  
  20  1:49  Drone  
  21  2:00  Queen x2  
  26  2:01  Zergling x4  
  27  2:13  Overlord  
  27  2:15  Drone  
  28  2:22  Hatchery  
  27  2:24  Drone  
  28  2:32  Drone x2  
  30  2:38  Queen  
  30  2:42  Overlord  
  32  2:47  Metabolic Boost  
  32  2:50  Drone  
  32  2:54  Drone x2  
  34  2:58  Drone  
  35  3:06  Drone x2  
  35  3:09  Drone x3  
  40  3:14  Queen  
  40  3:19  Overlord  
  42  3:26  Drone  
  43  3:33  Queen  
  45  3:35  Queen  
  45  3:36  Zergling x2  
  48  3:41  Drone x5  
  48  3:44  Drone  
  48  3:46  Drone  
  55  3:49  Zergling x4  
  55  3:51  Overlord  
  57  3:56  Overlord  
  57  4:08  Zergling x2  
  58  4:10  Drone x2, Queen  
  58  4:12  Queen  
  58  4:14  Drone  
  58  4:16  Drone x3  
  68  4:17  Spore Crawler  
  68  4:20  Zergling x2, Spore Crawler  
  68  4:23  Drone x2  
  69  4:25  Drone x2  
  69  4:27  Overlord  
  69  4:34  Drone x3  
  69  4:36  Extractor, Drone x2  
  69  4:38  Lair  
  73  4:40  Overlord  
  73  4:42  Drone  
  74  4:47  Extractor  
  74  4:48  Extractor  
  74  4:49  Overlord  
  74  4:50  Roach Warren  
  74  4:51  Zergling x2  
  72  4:56  Zergling x4  
  72  4:58  Overlord, Baneling Nest  
  73  5:01  Zergling x10  
  73  5:04  Queen  
  80  5:08  Drone  
  80  5:10  Zergling x6  
  83  5:15  Zergling x4  
  83  5:18  Zergling x6  
  84  5:26  Zergling x10  
  81  5:30  Drone  
  81  5:34  Drone  
  83  5:35  Zergling x8  
  83  5:40  Overlord  
  86  5:43  Drone  
  75  5:50  Drone  
  75  5:51  Drone  
  75  5:55  Drone  
  75  5:56  Centrifugal Hooks  
  78  6:00  Drone, Evolution Chamber  
  78  6:01  Drone  
  78  6:03  Drone x2  
  81  6:05  Drone x2, Evolution Chamber  
  81  6:08  Drone  
  83  6:13  Drone  
  83  6:14  Drone  
  85  6:19  Zergling x2  
  85  6:22  Hatchery  
  85  6:25  Zergling x4  
  87  6:26  Zerg Ground Armor Level 1  
  87  6:31  Zergling x2  
  87  6:32  Zergling x2, Zerg Melee Weapons Level 1  
  89  6:33  Zergling x10  
  89  6:36  Overlord, Queen  
  89  6:38  Zergling x2  
  89  6:39  Baneling x3  
  97  6:40  Baneling  
  97  6:41  Baneling x2  
  97  6:42  Baneling  
  97  6:43  Baneling x3  
  97  6:46  Zergling x6  
  99  6:47  Extractor  
  99  6:49  Zergling x4  
  98  6:57  Zergling x6  
  101  7:01  Zergling x2  
  101  7:02  Zergling x6  
  101  7:04  Zergling x6  
  101  7:07  Drone  
  105  7:11  Drone  
  105  7:14  Zergling x6  
  101  7:19  Queen  
  101  7:21  Drone  
  103  7:23  Hydralisk Den, Zergling x2  
  103  7:24  Baneling x2, Zergling x2  
  103  7:25  Baneling  
  103  7:26  Baneling x2  
  103  7:27  Baneling  
  103  7:29  Zergling x4  
  106  7:32  Zergling x6  
  106  7:33  Zergling x2  
  106  7:34  Drone  
  111  7:37  Overlord  
  111  7:42  Zergling x10  
  116  7:47  Drone  
  116  7:49  Drone  
  119  7:51  Drone x2  
  119  7:55  Overlord x2, Muscular Augments  
  120  7:58  Overlord  
  120  7:59  Baneling x2  
  120  8:00  Drone x3  
  120  8:03  Overlord  
  120  8:04  Overlord  
  123  8:12  Overlord  
  122  8:14  Hydralisk x5  
  122  8:17  Zergling x4  
  122  8:18  Zergling x2  
  134  8:21  Hydralisk  
  134  8:27  Extractor, Zergling x8  
  140  8:32  Drone x3  
  142  8:39  Drone  
  143  8:47  Drone  
  143  8:48  Zerg Melee Weapons Level 2, Zerg Ground Armor Level 2  
  142  8:52  Drone  
  142  8:53  Infestation Pit, Baneling  
  142  8:54  Baneling x15  
  142  8:57  Drone  
  143  9:04  Drone x2  
  143  9:06  Grooved Spines  
  143  9:07  Overlord  
  143  9:08  Overlord  
  143  9:09  Extractor, Hydralisk x2, Hatchery  
  143  9:11  Pneumatized Carapace  
  143  9:14  Zergling x6  
  143  9:16  Hydralisk  
  152  9:17  Zergling x2  
  152  9:18  Zergling x2  
  152  9:21  Zergling x6  
  152  9:22  Zergling x2  
  157  9:27  Zergling x2  
  157  9:28  Zergling x12  
  157  9:31  Zergling x8  
  167  9:35  Zergling x6  
  171  9:38  Zergling x2  
  171  9:39  Zergling x6  
  171  9:42  Hive  
  175  9:48  Overlord  
  175  9:50  Lurker Den, Zergling x8  
  175  9:52  Baneling x5  
  178  9:53  Baneling  
  178  9:54  Drone  
  178  9:56  Drone  
  178  9:58  Hydralisk, Zergling x2  
  178  9:59  Zergling x2  
  183  10:00  Overseer  
  183  10:03  Drone x3  
  183  10:04  Drone  
  187  10:14  Spore Crawler  
  185  10:15  Zergling x10  
  188  10:24  Zergling x6  
  188  10:25  Zergling x8  
  183  10:29  Zergling x6  
  183  10:32  Spore Crawler  
  183  10:33  Overseer  
  178  10:46  Zergling x18  
  186  10:52  Drone x2  
  186  10:53  Drone  
  186  10:56  Seismic Spines  
  189  10:57  Viper  
  189  10:58  Viper  
  189  11:00  Lurker x4  
  199  11:04  Zerg Missile Weapons Level 1  
  198  11:13  Zergling x10  
  198  11:16  Hydralisk x2  
  198  11:17  Spawning Pool  
  190  11:29  Drone x3  
  182  11:46  Drone x3  
  176  11:59  Baneling x5  
  176  12:03  Overseer x3  
  176  12:08  Baneling x2  
  176  12:12  Hydralisk x3  
  176  12:14  Zergling x34  
  197  12:16  Zergling x8  
  198  12:24  Hydralisk  
  198  12:29  Hatchery  
  198  12:33  Zergling x2  
  199  12:44  Nydus Network  
  199  12:47  Zergling x6  
  199  12:50  Hatchery  

Tags
 
Composition
Lurkers
Matchup
TvZ
Spawn Locations
Cross Positions
Add a new tag
Caveats
  • Supply blocks, unpowered buildings, or Contaminate may cause inaccurate times.
  • Supply counts are checked every 10 seconds.